AoeStats
← kingvtech555

Arabia

504722580Analyzed
1v1 RM · 26d ago on Sep 6, 2026· 46m 24s· 2 players
Game mode
Random Map
Map size
Tiny (2 player)
Population
200
Speed
Normal
Resources
Standard
Victory
Conquest
Starting age
Dark Age
Ending age
Imperial Age
RankedLock teamsTeams togetherTeam positionsShared explorationLock speedFull tech treeHidden civsTurbo modeCheats
Victory
Defeat
🇺🇸 Burgundians · United States
394
+11
🇪🇸 Chinese · Spain
275
-11
kingvtech555
1:07 Loom
10:56 Feudal Age
11:34 Horse Collar
13:07 Man-at-Arms
17:10 Arson
26:10 Castle Age
27:31 Squires
29:11 Bloodlines
29:02 Husbandry
34:21 Crossbowman
35:07 Thumb Ring
36:43 Fletching
36:54 Padded Archer Armor
42:35 Long Swordsman
caly
12:32 Feudal Age
17:45 Horse Collar
18:56 Heavy Plow
22:13 Castle Age
23:36 Pikeman
25:40 Husbandry
25:24 Cavalier
30:01 Burgundian Vineyards
30:17 Double-Bit Axe
29:57 Light Cavalry
34:05 Murder Holes
34:03 Town Watch
39:19 Imperial Age
36:39 Elite Skirmisher
41:25 Conscription
41:29 Hussar
41:32 Paladin
45:15 Conscription
47:07 Redemption
Connection lost

Rejoining the realm…

Still unreachable

The connection could not be restored.

Session expired

The server has moved on; the page needs a fresh start.